 Dungeon Crawl Stone Soup version 0.20.1-1-g8b1a95d (webtiles) character file.

141 Irenicus the Cudgeler (level 5, 0/50 HPs)
             Began as a Troll Chaos Knight on Oct 20, 2017.
             Killed from afar by an orc wizard (7 damage)
             ... with a puff of frost
             ... on level 3 of the Dungeon.
             The game lasted 00:04:02 (2102 turns).

Irenicus the Cudgeler (Troll Chaos Knight)          Turns: 2102, Time: 00:04:03

Health: 0/50       AC:  7    Str: 20    XL:     5   Next: 3%
Magic:  4/4        EV: 10    Int:  8    God:    Xom [....*.]
Gold:   178        SH:  0    Dex: 10    Spells: 4/4 levels left

rFire    . . .     SeeInvis .   a - +0 mace (chaos)
rCold    . . .     Gourm    +   (no shield)
rNeg     . . .     Faith    .   b - +2 robe
rPois    .         Spirit   .   (helmet restricted)
rElec    .         Reflect  .   (no cloak)
rCorr    .         Harm     .   (gloves unavailable)
MR       .....                  (boots unavailable)
Stlth    ..........             (no amulet)
Regen    0.6/turn               k - ring of loudness (curse)
MPRegen  0.1/turn               (no ring)

@: no status effects
A: unfitting armour, claws 3, fast metabolism 3, gourmand, regeneration 1,
shaggy fur 1, tough skin 2
a: Renounce Religion


You were on level 3 of the Dungeon.
You worshipped Xom.
You were a beloved toy of Xom.
You were not hungry.

You visited 1 branch of the dungeon, and saw 3 of its levels.

You collected 178 gold pieces.

Inventory:

Hand Weapons
 a - a +0 mace of chaos (weapon)
 t - a +1 whip of pain
Armour
 b - a +2 robe (worn)
Jewellery
 k - a cursed ring of loudness (left claw)
Wands
 p - a wand of iceblast (6/15)
Scrolls
 d - 2 scrolls of blinking {unknown}
 f - 4 scrolls of identify {unknown}
 g - a scroll of amnesia {unknown}
 i - a scroll of remove curse {unknown}
 j - a scroll of magic mapping {unknown}
 l - a scroll of enchant weapon {unknown}
 m - a scroll of noise {unknown}
 r - 2 scrolls of random uselessness {unknown}
Potions
 e - 2 potions of lignification {unknown}
 n - 2 potions of berserk rage {unknown}
 o - a potion of curing {unknown}
 q - 2 potions of might {unknown}
 s - a potion of haste {unknown}
Comestibles
 c - 3 bread rations
 h - 2 meat rations


   Skills:
 - Level 2.4 Fighting
 + Level 5.1 Maces & Flails
 - Level 2.0 Dodging


You had 4 spell levels left.
You didn't know any spells.

Dungeon Overview and Level Annotations

Branches:
Dungeon (3/15)

Altars:
Elyvilon
Yredelemnul


Innate Abilities, Weirdness & Mutations

You are too large for most types of armour.
You have claws for hands.
Your metabolism is lightning-fast.
You like to eat raw meat.
Your natural rate of healing is unusually fast.
You are covered in fur. (AC +1)
You have very tough skin. (AC +2)


Message History

You barely miss the orc wizard.
The orc wizard is almost dead.
The orc wizard hits you but does no damage.
You closely miss the orc wizard.
The orc wizard is almost dead.
The orc wizard hits you but does no damage.
You hit the orc wizard. You burn the orc wizard.
You kill the orc wizard!
Your Maces & Flails skill increases to level 5!
You have reached level 5!
An orc wizard appears from thin air!
Reactivating autopickup.
The orc wizard points at you and mumbles some strange words.
The magic dart hits you!
* * * LOW HITPOINT WARNING * * *
You miss the orc wizard.
The orc wizard is almost dead.
The orc wizard casts a spell at you. The puff of frost hits you!
You die...

...#.# # ...?..
#.#..#...#.# ####..#
.#.##...# #.#......#.#
..# .........
#......#.#.# ..
.......############.#.#
#................#.#
#.#.##############.#
#§# #.# #§# #.# #@# #.#
#o# #.# #§######## #.#
#§§....... #.#
#......... #.#
#)........ #.# ..
.........## #.# ..
##........# #.# ..
#........# #.#


You could see an orc wizard.

Vanquished Creatures
  2 orc wizards (D:3)
  An adder (D:2)
  5 worms
  3 dart slugs
  4 orcs (D:3)
  A ball python (D:2)
  5 giant cockroaches
  3 goblins
  8 hobgoblins
  3 jackals (D:1)
  A quokka (D:2)
  6 bats
  3 frilled lizards
  6 kobolds
  2 rats (D:1)
53 creatures vanquished.

Notes
Turn   | Place    | Note
-------+----------+-------------------------------------------
     0 | D:1      | Irenicus the Troll Chaos Knight began the quest for the Orb.
     0 | D:1      | Reached XP level 1. HP: 22/22 MP: 0/0
    71 | D:1      | XOM: harmless Air miscast
   120 | D:1      | Reached skill level 3 in Maces & Flails
   126 | D:1      | XOM: silly message
   219 | D:1      | Reached XP level 2. HP: 28/29 MP: 1/1
   566 | D:1      | XOM is BORED!
   566 | D:1      | XOM: silly message
   675 | D:2      | Reached XP level 3. HP: 22/36 MP: 2/2
   838 | D:2      | Reached skill level 4 in Maces & Flails
   860 | D:2      | XOM: divination: detect items
   948 | D:2      | XOM: harmless Chrm miscast
  1120 | D:2      | Reached XP level 4. HP: 44/44 MP: 3/3
  1165 | D:2      | XOM: divination: magic mapping
  1189 | D:2      | Found a basalt altar of Yredelemnul.
  1301 | D:2      | XOM: god gift: scroll labeled IKKOKKEECKI {god gift}
  1425 | D:2      | XOM: harmless Tmut miscast
  1495 | D:2      | Found a white marble altar of Elyvilon.
  1636 | D:3      | XOM: cloud trail
  1824 | D:3      | XOM: harmless Tmut miscast
  2054 | D:3      | XOM: enchant monster (good)
  2096 | D:3      | XOM: fog
  2101 | D:3      | Reached skill level 5 in Maces & Flails
  2101 | D:3      | Reached XP level 5. HP: 13/50 MP: 4/4
  2102 | D:3      | Killed from afar by an orc wizard

Skill      XL: |  1  2  3  4 |
---------------+-------------+-----
Dodging        | 2 |  2.0
Maces & Flails | 3 4 5 |  5.1
Fighting       | |  2.4

Action                   |  1- 3 |  4- 6 || total
-------------------------+-------+-------++-------
Melee: Mace              |   128 |    39 ||   167
       Whip              |       |    36 ||    36
 Stab: Petrified         |       |     3 ||     3
  Eat: Chunk             |    10 |     4 ||    14
       Bread ration      |       |     1 ||     1
Armor: Robe              |    77 |    32 ||   109
Dodge: Dodged            |    54 |    23 ||    77
